 Dungeon Crawl Stone Soup version 0.30-a0-726-gd89dcf765f (webtiles) character file.

Game seed: 3126749515622669701

284990 bjtr the Metallomancer (level 20, -10/121 HPs)
             Began as a Gargoyle Earth Elementalist on Jan 25, 2023.
             Was the Champion of Vehumet.
             Mangled by a crystal guardian (30 damage)
             ... on level 1 of the Vaults on Jan 30, 2023.
             The game lasted 06:01:02 (53720 turns).

bjtr the Metallomancer (GrEE)                      Turns: 53720, Time: 06:01:03

Health: -10/121    AC: 27    Str: 16    XL:     20   Next: 60%
Magic:  0/50       EV: 14    Int: 25    God:    Vehumet [******]
Gold:   3011       SH: 12    Dex: 14    Spells: 6/54 levels left

rFire   . . .      SeeInvis +    b - staff of earth
rCold   + . .      Faith    .    t - +0 kite shield {reflect}
rNeg    + + .      Spirit   +    h - +2 robe {Archmagi}
rPois   ∞          Reflect  +    Q - +2 helmet {SInv}
rElec   +          Harm     .    u - scarf {shadows}
rCorr   +          Rampage  .    k - +1 pair of gloves
Will    .....      Archmagi +    J - +1 pair of boots
Stlth   +++                      L - amulet "Ziugotz" {Spirit rC+ rCorr}
HPRegen 0.40/turn                c - ring "Uzimel" {Drain rPois rN+ Str+4 Dex+4}
MPRegen 0.32/turn                K - ring of magical power

@: about to teleport, weak-willed, spiked, flying, very slightly contaminated,
studying Unarmed Combat, invisible
A: sickness immunity, AC +15, big wings, negative energy resistance 1,
electricity resistance, torment resistance 1, petrification resistance
}: 2/15 runes: decaying, serpentine
a: Renounce Religion


You were on level 1 of the Vaults.
You worshipped Vehumet.
Vehumet was exalted by your worship.
You visited 8 branches of the dungeon, and saw 35 of its levels.
You also visited: Bailey, Gauntlet and Desolation.

You collected 4095 gold pieces.
You spent 1084 gold pieces at shops.

Inventory:

Hand Weapons
 a - a +3 morningstar of freezing
 v - a +3 sling of freezing
Missiles
 i - 3 silver javelins (quivered)
 j - 2 throwing nets
 H - 11 atropa-tipped darts
Armour
 h - a +2 robe of the Archmagi (worn)
 k - a +1 pair of gloves (worn)
 t - a +0 kite shield of reflection (worn)
 u - a scarf of shadows (worn)
 J - a +1 pair of boots (worn)
 Q - a +2 helmet of see invisible (worn)
Magical Staves
 b - a staff of earth (weapon)
Jewellery
 c - the ring "Uzimel" (left hand) {Drain rPois rN+ Str+4 Dex+4}
   (You found it in a Gauntlet)

   [ring of poison resistance]

   Str:       It affects your strength (+4).
   Dex:       It affects your dexterity (+4).
   rPois:     It protects you from poison.
   rN:        It protects you from negative energy.
   Drain:     It drains your maximum health when unequipped.
 s - a +4 ring of slaying
 F - a ring of protection from fire
 K - a ring of magical power (right hand)
 L - the amulet "Ziugotz" (around neck) {Spirit rC+ rCorr}
   (You found it on level 2 of the Lair of Beasts)

   [amulet of guardian spirit]

   It causes incoming damage to be divided between your reserves of health and
   magic.
   rC:        It protects you from cold.
   rCorr:     It protects you from acid and corrosion.
 O - the ring of Linearity {rCorr Int+6}
   (You found it on level 2 of the Swamp)

   [ring of resist corrosion]

   Int:       It affects your intelligence (+6).
   rCorr:     It protects you from acid and corrosion.
 W - a ring of protection from cold
Wands
 d - a wand of acid (5)
 e - a wand of polymorph (2)
 f - a wand of paralysis (33)
 x - a wand of iceblast (44)
 B - a wand of mindburst (8)
 Y - a wand of digging (3)
Scrolls
 m - 2 scrolls of poison
 n - a scroll of amnesia
 y - 15 scrolls of identify
 z - a scroll of blinking
 C - 4 scrolls of magic mapping
 I - 7 scrolls of immolation
 M - 11 scrolls of teleportation
 S - 5 scrolls of fog
 X - 3 scrolls of fear
Potions
 g - 5 potions of might
 l - 5 potions of cancellation
 r - 7 potions of curing
 A - a potion of resistance
 D - 4 potions of brilliance
 Z - 3 potions of ambrosia
Miscellaneous
 q - a lightning rod (4/4)
 G - a box of beasts
 N - a condenser vane
 R - a piece from Xom's chessboard (15/15)
 U - a phantom mirror


   Skills:
 + Level 11.9 Fighting
 + Level 5.0 Armour
 + Level 7.6 Dodging
 + Level 6.2 Stealth
 + Level 12.9 Shields
 * Level 17.8 Spellcasting
 + Level 16.3 Conjurations
 - Level 0.7 Transmutations
 + Level 9.5 Fire Magic
 * Level 21.6 Earth Magic
 + Level 2.7 Evocations


You had 6 spell levels left.
You knew the following spells:

 Your Spells              Type           Power      Damage    Failure   Level
a - Borgnjor's Vile Clut  Necr/Erth      53%        N/A       1%          5
b - Orb of Destruction    Conj           51%        9d13      1%          7
c - Iron Shot             Conj/Erth      66%        9d12      1%          6
d - Petrify               Tmut/Erth      100%       N/A       1%          4
e - Passwall              Tmut/Erth      90%        N/A       1%          2
f - Inner Flame           Hex/Fire       62%        N/A       1%          3
g - Spellforged Servitor  Conj/Summ      38%        N/A       30%         7
h - Arcjolt               Conj/Air       38%        1d48      1%          5
i - Iskenderun's Mystic   Conj/Tloc      76%        2d15      1%          4
j - Irradiate             Conj/Tmut      39%        3d24      1%          5

Your spell library contained the following spells:

 Spells                   Type           Power      Damage    Failure   Level
 Shatter                  Erth           69%        3d51*     16%         9
 Fire Storm               Conj/Fire      46%        8d12      99%         9
 Polar Vortex             Ice            16%        N/A       100%        9
 Magic Dart               Conj           100%       1d8       0%          1
 Sandblast                Erth           100%       2d20      0%          1
 Searing Ray              Conj           100%       2d8       0%          2
 Stone Arrow              Conj/Erth      100%       3d13      0%          3
 Kiss of Death            Conj/Necr      100%       2d13      1%          1
 Static Discharge         Conj/Air       100%       2-7/arc   1%          2
 Dazzling Flash           Conj/Hex       100%       N/A       1%          3
 Mephitic Cloud           Conj/Pois/Air  65%        N/A       1%          3
 Animate Armour           Summ/Erth      100%       N/A       1%          4
 Flame Wave               Conj/Fire      92%        2d19      1%          4
 Fulminant Prism          Conj/Hex       38%        3d17      1%          4
 Sticky Flame             Conj/Fire      92%        2d10      1%          4
 Lightning Bolt           Conj/Air       38%        1d56      1%          5
 Starburst                Conj/Fire      46%        6d13      1%          6
 Apportation              Tloc           66%        N/A       4%          1
 Necrotise                Necr           100%       1d9       4%          1
 Slow                     Hex            100%       N/A       4%          1
 Summon Small Mammal      Summ           100%       N/A       4%          1
 Wereblood                Tmut           38%        N/A       4%          2
 Blink                    Tloc           66%        N/A       6%          2
 Call Imp                 Summ           33%        N/A       6%          2
 Confusing Touch          Hex            33%        N/A       13%         3
 Vampiric Draining        Necr           33%        2d8       13%         3
 Vhi's Electric Charge    Tloc/Air       66%        N/A       13%         3
 Animate Dead             Necr           33%        N/A       38%         4
 Dispel Undead            Necr           33%        3d14      38%         4
 Manifold Assault         Tloc           33%        N/A       38%         4
 Passage of Golubria      Tloc           33%        N/A       38%         4
 Summon Lightning Spire   Summ/Air       33%        N/A       38%         4
 Silence                  Hex/Air        16%        N/A       75%         5
 Death Channel            Necr           16%        N/A       100%        6
 Dispersal                Tloc           16%        N/A       100%        6
 Lehudib's Crystal Spear  Conj/Erth      66%        10d15     3%          8
 Storm Form               Tmut/Air       18%        N/A       100%        7
 Summon Hydra             Summ           16%        N/A       100%        7
 Disjunction              Tloc           16%        N/A       100%        8
 Maxwell's Capacitive Co  Air            16%        ∞         100%        8
 Sublimation of Blood     Necr           Unusable   N/A       N/A         2

Dungeon Overview and Level Annotations

Branches:
Dungeon (15/15)            Temple (1/1) D:6            Lair (5/5) D:11
  Swamp (4/4) Lair:3        Snake (4/4) Lair:3        Slime (0/5) Lair:4
    Orc (2/2) D:9             Elf (3/3) Orc:2        Vaults (1/5) D:14
 Depths (0/4) D:15         Bailey (visited)         Desolation (visited)
Gauntlet (visited)

Altars:
Ashenzari
Cheibriados
Dithmenos
Elyvilon
Fedhas
Gozag
Hepliaklqana
Kikubaaqudgha
Makhleb
Nemelex Xobeh
Okawaru
Qazlal
Ru
Sif Muna
Trog
Uskayaw
Vehumet
Wu Jian
Xom
Yredelemnul
Zin
The Shining One

Shops:
D:3 !   D:9 ([   D:10 *   D:14 *   Orc:2 [[=   Elf:3 [

Portals:
Abyss: Elf:3

Annotations:
Elf:3 2 transporters, Ziureph's ghost, journeyman TrFi


Innate Abilities, Weirdness & Mutations

You are immune to sickness and miasma.
Your stone body is resilient. (AC +15)
You are immune to poison.
Your large and strong wings let you fly.
You resist negative energy. (rN+)
You are resistant to electric shocks. (rElec)
You are resistant to unholy torment.
You are immune to petrification.


Message History

The crystal guardian blinks!
There is a gate leading back out of this place here.
You hit the saltling but do no damage.
You shatter the saltling!
The saltling is moderately damaged.
The peacekeeper bites you but does no damage.
The peacekeeper claws you but does no damage.
The saltling hits you!
The saltling hits you but does no damage.
The crystal guardian misses you. The saltling closely misses you.
The saltling hits you but does no damage.
The crystal guardian closely misses you.
The saltling hits you but does no damage.
A saltling comes into view. x2
The peacekeeper roars a battlecry!
The saltlings go into a battle-frenzy!
A saltling comes into view.
The saltling hits you but does no damage.
The crystal guardian hits you.
* * * LOW HITPOINT WARNING * * *
The saltling misses you.
The saltling hits you but does no damage.
You feel less invigorated.
You feel less confused. The saltling hits you!
* * * LOW HITPOINT WARNING * * *
The peacekeeper bites you but does no damage.
The peacekeeper claws you. The crystal guardian hits you!
* * * LOW HITPOINT WARNING * * *
The saltling misses you. The saltling barely misses you.
You block the crystal guardian's attack.
The saltling hits you but does no damage.
The peacekeeper barely misses you. You block the peacekeeper's attack.
The saltling barely misses you.
The barbed spikes dig painfully into your body as you move.
* * * LOW HITPOINT WARNING * * *
Welcome back to the Vaults!
There is a collapsed entrance here.
As you read the scroll of teleportation, it crumbles to dust.
You feel strangely unstable. The crystal guardian hits you!!!
You die...

*******,,,,,,,*,,,,,,,+,,,,+,,>,,
*,,**********+****,,,*,,,,,
*******,,*,,,,,,,,,,,..*,,,*,,,,,
,,,,,**,,*,,,,,,,,,,...*,,,*,,,,,
,,,,,**,,*,,##**,###...#,,,******
,,,,,**,,*,,#..*,#.....#,,,,,,,,,
,,,,,**,,*,,#..###.....#*********
,,>,,**,,#..*#.999.#...#,,,,,,,,,
,,,,,**,,#...#.9@9.....#,,,,,,,,,
,,,,,**,,#..##.999.....#,,,,,,,,,
,,,,,**,,#..#..###.....#,,,,,,,,,
**+****,,#..#..#.#..#..+,,,,,,,,,
,,,,,,*,,#..####...##..#,,,,,,,,,
*,***,+,,#.............+,,,,,,,,,
**,,*,+,,#.............+,,,,,,,,,
,,,,*,#..#'#############*****+***
,,,,**#..............,,,,,,,,,,,,


You could see 2 crystal guardians, a peacekeeper (strong) and 5 saltlings.

Vanquished Creatures
  Vashnia (Snake:3)
  Nikola (Elf:1)
  Jorgrun (D:12)
  3 deep elf master archers (Elf:3)
  Agnes (Snake:3)
  Donald (Swamp:3)
  9 nagarajas
  A vault warden (Vaults:1)
  4 deep elf sorcerers (Elf:3)
  A deep elf elementalist (Elf:3)
  An orc warlord (Orc:2)
  4 deep elf demonologists
  A dire elephant (Vaults:1)
  An eleionoma (Swamp:3)
  14 deep elf annihilators (Elf:3)
  4 bunyips
  6 deep elf death magi (Elf:3)
  A fire dragon (D:15)
  5 deep elf high priests (Elf:3)
  3 shambling mangroves
  A salamander tyrant (Snake:2)
  4 vault guards
  A hell beast (Gauntlet)
  19 hydras
  An ice dragon (D:15)
  3 peacekeepers (Desolation)
  A merfolk avatar (Lair:5)
  2 servants of whispers (Desolation)
  3 ghost crabs
  3 catoblepae
  5 two-headed ogres
  5 centaur warriors
  2 boulder beetles
  3 alligators
  7 anacondas
  19 naga sharpshooters
  25 dancing weapons
  5 orc high priests
  5 spriggan berserkers (Elf:3)
  13 naga warriors
  15 shock serpents
  15 deep elf knights
  A fire crab (Gauntlet)
  3 salamander mystics
  6 goliath frogs
  9 sea snakes
  6 spriggan druids
  9 naga ritualists
  21 swamp dragons
  6 bog bodies
  13 deep elf archers
  A steelbarb worm (shapeshifter) (D:15)
  2 ironbound convokers (Vaults:1)
  6 orc knights
  17 deep elf zephyrmancers
  31 deep elf pyromancers
  A wolf spider zombie (D:12)
  2 orc sorcerers (Orc:2)
  A harpy (shapeshifter) (D:15)
  12 ugly things
  2 will-o-the-wisps
  7 manticores
  12 salamanders
  An oklob plant (Lair:4)
  7 cyclopes
  9 mana vipers
  2 centaur zombies (D:12)
  15 elephants
  Joseph (D:7)
  6 guardian serpents
  16 naga magi
  52 black mambas
  3 gargoyles
  Maggie (D:8)
  9 cane toads
  7 rime drakes
  An unseen horror (D:12)
  A rime drake (shapeshifter) (Elf:1)
  A tengu conjurer (D:14)
  15 komodo dragons
  2 efreet (D:15)
  6 trolls
  A queen bee (D:6)
  A polar bear (Lair:4)
  7 tyrant leeches
  A bloated husk (Swamp:1)
  A wolf spider simulacrum (Gauntlet)
  12 blink frogs
  8 saltlings (Desolation)
  Prince Ribbit (Bailey)
  24 hornets
  Sigmund (D:3)
  4 slime creatures (D:15)
  2 snapping turtles (Lair:5)
  3 air elementals
  4 wraiths
  36 yaks
  14 spriggans
  2 water elementals
  6 shadows
  4 vampires (D:12)
  5 humans (Bailey)
  15 wyverns
  6 fire elementals
  2 basilisks
  2 fire bats (Gauntlet)
  2 steam dragons
  The ghost of petzl the Sneak, an amateur FoDe (D:6)
  11 vampire mosquitoes
  Menkaure (D:7)
  5 acid dragons
  2 wargs (Orc:2)
  Edmund (D:6)
  19 swamp worms
  18 water moccasins
  48 nagas
  A hell hound (Gauntlet)
  9 swamp drakes
  43 orc warriors
  A meliai simulacrum (Gauntlet)
  6 ogres
  9 centaurs
  8 wolves
  Blork the orc (D:6)
  24 bullfrogs
  3 kobold brigands
  A gnoll sergeant (D:9)
  A scorpion (D:5)
  2 earth elementals
  20 wights
  13 killer bees
  A howler monkey (D:13)
  4 electric eels
  A wyvern simulacrum (Gauntlet)
  3 jellies
  4 hounds
  25 orc priests
  Jessica (D:3)
  3 iguanas
  25 orc wizards
  7 hell rats
  7 gnolls
  7 adders
  A shadow imp (D:7)
  2 white imps (D:6)
  A worm (D:3)
  A dart slug (D:5)
  90 orcs
  9 endoplasms
  4 giant cockroaches
  13 goblins
  12 hobgoblins
  18 jackals
  4 quokkas
  6 ball pythons
  6 bats
  4 frilled lizards
  22 kobolds
  5 rats
  4 bushes (Lair:4)
1245 creatures vanquished.

Vanquished Creatures (collateral kills)
  A minotaur (Gauntlet)
  A fire dragon (D:14)
  5 killer bees (D:9)
7 creatures vanquished.

Vanquished Creatures (others)
  An eleionoma (Swamp:4)
  2 dancing weapons (Elf:2)
  A swamp drake (Swamp:4)
  A bush (Lair:3)
  8 foxfires
  7 fungi
  47 plants
  12 withered plants (D:12)
79 creatures vanquished.

Grand Total: 1331 creatures vanquished

Notes
Turn   | Place    | Note
-------+----------+-------------------------------------------
     0 | D:1      | bjtr the Gargoyle Earth Elementalist began the quest for
                  | the Orb.
     0 | D:1      | Reached XP level 1. HP: 10/10 MP: 3/3
    59 | D:1      | Reached XP level 2. HP: 8/16 MP: 0/5
   126 | D:1      | Found a faded altar of an unknown god.
   309 | D:1      | Reached skill level 1 in Fighting
   535 | D:1      | Reached XP level 3. HP: 20/20 MP: 4/6
   538 | D:1      | Learned a level 2 spell: Passwall
   542 | D:1      | Learned a level 3 spell: Stone Arrow
   856 | D:2      | Reached skill level 1 in Shields
   987 | D:2      | Reached skill level 1 in Armour
  1164 | D:2      | Reached XP level 4. HP: 25/25 MP: 4/7
  1171 | D:2      | Reached skill level 4 in Earth Magic
  1379 | D:2      | Reached skill level 1 in Conjurations
  1950 | D:3      | Noticed Sigmund
  2265 | D:3      | Killed Sigmund
  2266 | D:3      | Reached XP level 5. HP: 23/31 MP: 3/9
  2266 | D:3      | Reached XP level 6. HP: 27/36 MP: 3/10
  2509 | D:3      | Noticed Jessica
  2513 | D:3      | Killed Jessica
  2773 | D:3      | Found Imylegag's Distillery.
  2780 | D:3      | Bought a potion of curing for 42 gold pieces
  2780 | D:3      | Bought a potion of heal wounds for 70 gold pieces
  2820 | D:3      | Reached skill level 5 in Earth Magic
  3350 | D:4      | Found a shimmering blue altar of Sif Muna.
  3351 | D:4      | Found an iron altar of Okawaru.
  3369 | D:4      | Learned a level 2 spell: Searing Ray
  3398 | D:4      | Reached XP level 7. HP: 41/41 MP: 10/12
  3654 | D:4      | HP: 1/41 [orc/+1 heavy flail (13)]
  4004 | D:4      | Found a blossoming altar of Fedhas.
  4183 | D:5      | Entered Level 5 of the Dungeon
  4324 | D:5      | Found Vyroorghakk's Book Shoppe.
  4941 | D:6      | Found a staircase to the Ecumenical Temple.
  4948 | Temple   | Entered the Ecumenical Temple
  5158 | D:6      | Found a white marble altar of Elyvilon.
  5183 | D:6      | Noticed Blork the orc
  5198 | D:6      | Killed Blork the orc
  5290 | D:6      | Reached skill level 6 in Earth Magic
  5290 | D:6      | Reached XP level 8. HP: 47/47 MP: 12/14
  5382 | D:6      | Noticed Edmund
  5397 | D:6      | Killed Edmund
  5463 | D:6      | Reached skill level 5 in Spellcasting
  5529 | D:6      | Reached skill level 7 in Earth Magic
  5934 | D:6      | Found a transporter.
  5939 | D:6      | Found a transporter.
  5940 | D:6      | Noticed petzl's ghost (amateur FoDe)
  5940 | D:6      | Noticed a hornet
  5974 | D:6      | Noticed a queen bee
  6079 | D:6      | Reached skill level 8 in Earth Magic
  6292 | D:7      | Reached XP level 9. HP: 33/52 MP: 18/18
  6407 | D:7      | Noticed Menkaure
  6410 | D:7      | Killed Menkaure
  6438 | D:7      | Reached skill level 9 in Earth Magic
  6464 | D:7      | Noticed Joseph
  6778 | D:7      | Found a snail-covered altar of Cheibriados.
  6783 | D:7      | Found a radiant altar of Vehumet.
  6792 | D:7      | Found a bloodstained altar of Trog.
  6800 | D:7      | Became a worshipper of Vehumet
  6838 | D:7      | Killed Joseph
  7342 | D:8      | Noticed Maggie
  7355 | D:8      | Killed Maggie
  7379 | D:8      | Found a flagged portal.
  7403 | Bailey   | Entered a bailey
  7428 | Bailey   | Reached skill level 10 in Earth Magic
  7446 | Bailey   | Reached XP level 10. HP: 27/56 MP: 21/21
  7451 | Bailey   | Reached skill level 1 in Evocations
  7666 | Bailey   | Reached * piety under Vehumet
  7666 | Bailey   | Offered knowledge of Foxfire by Vehumet.
  7670 | Bailey   | Reached skill level 1 in Fire Magic
  7749 | Bailey   | Noticed a vault guard
  7749 | Bailey   | Noticed Prince Ribbit
  7752 | Bailey   | Killed Prince Ribbit
  7759 | Bailey   | Killed a vault guard
  7797 | Bailey   | Noticed a vault guard
  7807 | Bailey   | Killed a vault guard
  7808 | Bailey   | Reached skill level 11 in Earth Magic
  7885 | D:8      | Found a burning altar of Makhleb.
  7957 | D:8      | Learned a level 4 spell: Petrify
  7961 | D:8      | Learned a level 3 spell: Inner Flame
  8191 | D:8      | Reached XP level 11. HP: 62/62 MP: 23/23
  8871 | D:8      | Offered knowledge of Kiss of Death by Vehumet.
  8989 | D:9      | Found a hazy altar of Hepliaklqana.
  9003 | D:9      | Reached ** piety under Vehumet
  9418 | D:9      | Found Caebreij's Weapon Emporium.
  9510 | D:9      | Found a staircase to the Orcish Mines.
  9512 | D:9      | Found Waogor's Armour Emporium.
  9747 | D:9      | Found a sacrificial altar of Ru.
  9889 | D:10     | Entered Level 10 of the Dungeon
  9892 | D:10     | Reached skill level 5 in Shields
 10082 | D:10     | Found an opulent altar of Gozag.
 10086 | D:10     | Found Gozag's Platinum Reserve.
 10315 | D:10     | Reached skill level 12 in Earth Magic
 10569 | D:11     | Noticed a catoblepas
 10576 | D:11     | Killed a catoblepas
 10618 | D:11     | Found a gate leading to a gauntlet.
 10634 | Gauntlet | Entered a Gauntlet
 10634 | Gauntlet | Found a transporter.
 10637 | Gauntlet | Noticed a fire crab
 10708 | Gauntlet | Found a transporter.
 10710 | Gauntlet | Found a transporter.
 10713 | Gauntlet | Noticed a wizard
 10721 | Gauntlet | Found a transporter.
 10724 | Gauntlet | Found a transporter.
 10735 | Gauntlet | Found a transporter.
 10746 | Gauntlet | Noticed a blizzard demon
 10753 | Gauntlet | Found a transporter.
 10764 | Gauntlet | Found a transporter.
 10772 | Gauntlet | Found a runed translucent gate.
 10772 | Gauntlet | Found a runed translucent gate.
 10772 | Gauntlet | Found a runed translucent gate.
 10774 | Gauntlet | Noticed a hell beast
 10779 | Gauntlet | Found a transporter.
 10785 | Gauntlet | Noticed a hell beast
 10792 | Gauntlet | Found a transporter.
 10807 | Gauntlet | Found a transporter.
 10807 | Gauntlet | Found a transporter.
 10850 | Gauntlet | Found a transporter.
 10864 | Gauntlet | Found a transporter.
 10953 | Gauntlet | Killed a fire crab
 10954 | Gauntlet | Reached skill level 5 in Conjurations
 11058 | Gauntlet | Identified the ring "Uzimel" {Drain rPois rN+ Str+4 Dex+4}
 11068 | Gauntlet | HP: 3/62 [hell hound/blast of flame (18)]
 11074 | Gauntlet | Killed a hell beast
 11249 | Gauntlet | Identified the +4 plate armour "Hium" {+Inv Will+ Int-5
                  | Stlth+}
 11249 | Gauntlet | Noticed a minotaur
 11259 | Gauntlet | Learned a level 4 spell: Sticky Flame
 11276 | Gauntlet | Killed a minotaur
 11277 | Gauntlet | Reached skill level 5 in Fire Magic
 11404 | Gauntlet | Identified the +1 mace "Xyehay" {freeze, rN++ Will+ Int+3
                  | Dex-2}
 11404 | Gauntlet | Identified the +1 leather armour "Ubbo" {Dex+2}
 11557 | D:11     | Reached XP level 12. HP: 52/67 MP: 25/25
 11711 | D:11     | Offered knowledge of Hailstorm by Vehumet.
 11738 | D:11     | Found a staircase to the Lair.
 11802 | D:11     | Found a glowing silver altar of Zin.
 12001 | D:11     | Reached skill level 13 in Earth Magic
 12137 | D:11     | Noticed a two-headed ogre
 12140 | D:11     | Killed a two-headed ogre
 12269 | D:11     | Reached *** piety under Vehumet
 12842 | D:6      | Offered knowledge of Airstrike by Vehumet.
 12847 | D:6      | Killed petzl's ghost
 12961 | D:12     | Noticed a boulder beetle
 13097 | D:12     | Killed a boulder beetle
 13401 | D:12     | Reached **** piety under Vehumet
 13408 | D:12     | Learned a level 5 spell: Arcjolt
 13415 | D:12     | Upgraded the game from 0.30-a0-715-gdb4ae3ece1 to
                  | 0.30-a0-718-geaa24f58ff
 13426 | D:12     | Reached skill level 5 in Fighting
 13610 | D:12     | Noticed a two-headed ogre
 13617 | D:12     | Killed a two-headed ogre
 14206 | D:12     | Noticed Jorgrun
 14344 | D:12     | Reached XP level 13. HP: 72/72 MP: 26/26
 14423 | D:12     | Reached skill level 5 in Stealth
 14447 | D:12     | Learned a level 4 spell: Iskenderun's Mystic Blast
 15171 | D:13     | Reached skill level 10 in Spellcasting
 15171 | D:13     | Reached skill level 14 in Earth Magic
 15504 | D:13     | Offered knowledge of Irradiate by Vehumet.
 15550 | D:13     | Learned a level 5 spell: Irradiate
 16042 | D:14     | Noticed a fire dragon
 16056 | D:14     | Killed a fire dragon
 16330 | D:14     | Found Deexef's Fire Supplies.
 16436 | D:14     | Noticed an ironbound preserver
 16755 | D:14     | Found a gate to the Vaults.
 17882 | D:12     | Killed Jorgrun
 17883 | D:12     | Reached skill level 10 in Conjurations
 17991 | D:15     | Entered Level 15 of the Dungeon
 18194 | D:15     | Gained mutation: Your large and strong wings let you fly.
                  | [Gargoyle growth]
 18194 | D:15     | Reached XP level 14. HP: 78/78 MP: 26/28
 18684 | D:15     | Reached skill level 5 in Armour
 18724 | D:15     | Found a shadowy altar of Dithmenos.
 19546 | D:15     | Found a staircase to the Depths.
 19907 | Lair:1   | Entered Level 1 of the Lair of Beasts
 19987 | Lair:1   | Upgraded the game from 0.30-a0-718-geaa24f58ff to
                  | 0.30-a0-719-gcc4359ea44
 21082 | Lair:2   | Reached ***** piety under Vehumet
 21082 | Lair:2   | Offered knowledge of Fireball by Vehumet.
 21805 | Lair:2   | Identified the +1 robe of Memaklo {*Slow rPois rF+ Regen+}
 22464 | Lair:2   | Reached skill level 10 in Shields
 22470 | Lair:2   | Identified the amulet "Ziugotz" {Spirit rC+ rCorr}
 22817 | Lair:3   | Reached skill level 15 in Earth Magic
 23003 | Lair:3   | Reached XP level 15. HP: 70/83 MP: 20/30
 23481 | Lair:3   | Reached skill level 5 in Dodging
 23944 | Lair:3   | Found a staircase to the Swamp.
 24115 | Lair:3   | Learned a level 5 spell: Borgnjor's Vile Clutch
 24135 | Lair:3   | Found a staircase to the Snake Pit.
 24455 | Lair:4   | Offered knowledge of Lee's Rapid Deconstruction by Vehumet.
 24752 | Lair:4   | Upgraded the game from 0.30-a0-719-gcc4359ea44 to
                  | 0.30-a0-722-g3e6e8c874d
 25085 | Lair:4   | Found a staircase to the Slime Pits.
 25154 | Lair:4   | Identified the +1 scale mail of the Gazing Gods {rF- Int+5
                  | SInv}
 25545 | Lair:5   | Entered Level 5 of the Lair of Beasts
 26564 | Lair:5   | Found the +8 trident of the Octopus King {venom, rElec
                  | rPois}
 27281 | Orc:1    | Entered Level 1 of the Orcish Mines
 27498 | Orc:1    | Found a bloodstained altar of Trog.
 27601 | Orc:1    | Offered knowledge of Orb of Destruction by Vehumet.
 27811 | Orc:2    | Entered Level 2 of the Orcish Mines
 27811 | Orc:2    | Found a staircase to the Elven Halls.
 28233 | Orc:2    | Found Heczud's Jewellery Shoppe.
 28234 | Orc:2    | Found Xofemet's Antique Armour Shoppe.
 28235 | Orc:2    | Found Dygigre's Magic Scroll Emporium.
 28238 | Orc:2    | Found Iwneor's Antique Armour Emporium.
 28244 | Orc:2    | Bought a crude robe for 142 gold pieces
 28244 | Orc:2    | Identified the +2 robe "Kunappo" {rF+ rCorr} (You bought it
                  | in a shop on level 2 of the Orcish Mines)
 28246 | Orc:2    | Bought a slimy cloak for 304 gold pieces
 28246 | Orc:2    | Identified the +0 cloak of Jazumuh {-Tele Rampage rElec
                  | SInv} (You bought it in a shop on level 2 of the Orcish
                  | Mines)
 28246 | Orc:2    | Bought a heavy robe for 182 gold pieces
 28246 | Orc:2    | Identified the +2 robe of Imerch {rPois rF- rN++ Dex+3}
                  | (You bought it in a shop on level 2 of the Orcish Mines)
 28362 | Orc:2    | Noticed an orc warlord
 28374 | Orc:2    | Killed an orc warlord
 28375 | Orc:2    | Reached XP level 16. HP: 80/92 MP: 9/32
 28900 | Orc:2    | Upgraded the game from 0.30-a0-722-g3e6e8c874d to
                  | 0.30-a0-723-gc1506a1cf0
 28987 | D:9      | Learned a level 7 spell: Orb of Destruction
 29149 | Swamp:1  | Entered Level 1 of the Swamp
 29911 | Swamp:1  | Reached skill level 16 in Earth Magic
 30117 | Swamp:1  | Offered knowledge of Yara's Violent Unravelling by Vehumet.
 30879 | Swamp:2  | Identified the ring of Linearity {rCorr Int+6}
 33120 | Swamp:3  | Identified the +1 leather armour of the Gardener {rPois
                  | Str+4}
 33887 | Swamp:4  | Entered Level 4 of the Swamp
 34709 | Swamp:4  | Reached skill level 17 in Earth Magic
 34798 | Swamp:4  | Noticed Donald
 34835 | Swamp:3  | Killed Donald
 34941 | Swamp:4  | Reached XP level 17. HP: 81/99 MP: 17/34
 35973 | Swamp:4  | Offered knowledge of Iron Shot by Vehumet.
 36154 | Swamp:4  | Got a decaying rune of Zot
 36804 | Swamp:4  | Learned a level 6 spell: Iron Shot
 38060 | Elf:1    | Entered Level 1 of the Elven Halls
 38103 | Elf:1    | Noticed Nikola
 38207 | Elf:1    | Killed Nikola
 38537 | Elf:1    | HP: 5/100 [something/shard of ice (8)]
 39469 | Elf:2    | Reached skill level 18 in Earth Magic
 39626 | Elf:2    | Reached skill level 15 in Conjurations
 40883 | Elf:2    | Found a runed translucent gate.
 40884 | Elf:2    | Found a runed translucent gate.
 40884 | Elf:2    | Found a runed translucent gate.
 41031 | Elf:2    | Reached XP level 18. HP: 107/107 MP: 32/36
 41099 | Elf:2    | Reached skill level 10 in Fighting
 41104 | Elf:2    | Reached ****** piety under Vehumet
 42342 | Elf:3    | Entered Level 3 of the Elven Halls
 42386 | Elf:3    | Offered knowledge of Spellforged Servitor by Vehumet.
 42693 | Elf:3    | Reached skill level 19 in Earth Magic
 43260 | Elf:3    | Found a bloodstained altar of Trog.
 43296 | Elf:3    | Found a transporter.
 43307 | Elf:3    | Found a transporter.
 43307 | Elf:3    | Noticed Ziureph's ghost (journeyman TrFi)
 43374 | Elf:3    | Found a one-way gate to the infinite horrors of the Abyss.
 43385 | Elf:3    | Noticed a deep elf blademaster
 43422 | Elf:3    | Reached skill level 15 in Spellcasting
 43869 | Elf:3    | Noticed a Brimstone Fiend
 44014 | Elf:3    | Found Cetisu's Armour Boutique.
 44018 | Elf:3    | Bought a +2 helmet of see invisible for 344 gold pieces
 44220 | Elf:3    | Identified the +1 great sword of Harmony {heavy, rPois
                  | Int-5 Dex-5 SInv}
 44470 | Elf:3    | Noticed a deep elf master archer
 44473 | Elf:3    | Killed a deep elf master archer
 44485 | Elf:3    | Noticed a deep elf master archer
 44487 | Elf:3    | Killed a deep elf master archer
 44696 | Elf:3    | Noticed a deep elf master archer
 44699 | Elf:3    | Killed a deep elf master archer
 45222 | Elf:3    | Reached XP level 19. HP: 95/114 MP: 28/38
 45223 | Elf:3    | Reached skill level 20 in Earth Magic
 45316 | Elf:3    | Identified the +1 chain mail "Gackemm" {rElec Str+2 Stlth+}
 45364 | Elf:3    | Identified the +1 scale mail "Ocegytat" {+Inv rC- Int+2
                  | Stlth+}
 45535 | Elf:3    | Identified the +1 shortbow of Equivalence {flame, *Slow
                  | rPois rN+}
 45566 | Elf:3    | Learned a level 7 spell: Spellforged Servitor
 46095 | Snake:1  | Entered Level 1 of the Snake Pit
 46627 | Snake:1  | Found a broken altar of Ashenzari.
 47130 | Snake:1  | Offered knowledge of Conjure Ball Lightning by Vehumet.
 48927 | Snake:2  | Offered knowledge of Fire Storm by Vehumet.
 48927 | Snake:2  | Offered knowledge of Shatter by Vehumet.
 48927 | Snake:2  | Offered knowledge of Polar Vortex by Vehumet.
 49812 | Snake:3  | Noticed Vashnia
 49830 | Snake:3  | Killed Vashnia
 50313 | Snake:3  | Noticed Agnes
 50316 | Snake:3  | Killed Agnes
 50841 | Snake:4  | Entered Level 4 of the Snake Pit
 50902 | Snake:4  | Upgraded the game from 0.30-a0-723-gc1506a1cf0 to
                  | 0.30-a0-726-gd89dcf765f
 51035 | Snake:4  | Reached XP level 20. HP: 121/121 MP: 33/40
 51658 | Snake:4  | Reached skill level 21 in Earth Magic
 53102 | Snake:4  | Got a serpentine rune of Zot
 53583 | Vaults:1 | Entered Level 1 of the Vaults
 53683 | Vaults:1 | Found a crumbling gateway.
 53688 | Desolati | Entered the Desolation of Salt
 53720 | Vaults:1 | Mangled by a crystal guardian

Illustrated notes

Levels and vault maps discovered:
D:1:      eino_arrival_water_cross, layout_rooms,
          ebering_ecumenical_altar_sacrificial
D:2:      layout_basic, minmay_3d_cube
D:3:      layout_loops_corners, serial_shops, shop, uniq_sigmund, uniq_jessica
D:4:      layout_loops_cross, fedhas_altar_4,
          chequers_temple_overflow_statue_of_worship, corner_web_ring
D:5:      layout_basic, serial_shops, shop
D:6:      layout_cave_pods, mainiacjoe_overflow_six_doors_small,
          temple_fountains, gammafunk_ghost_hive, hangedman_minor_gate_pass,
          uniq_blork_the_orc, uniq_edmund
D:7:      layout_basic, nicolae_overflow_hidden_temple, uniq_joseph,
          uniq_menkaure
D:8:      layout_basic, mainiacjoe_overflow_paths, enter_bailey_4, uniq_maggie
D:9:      layout_small_grid, general_overflow_altar, nzn_hepliaklqana_mist_gate,
          orc_david_3, kennysheep_generic_room_9
D:10:     layout_rooms, nicolae_gozag_zags_fifth_avenue
D:11:     layout_loops_corners, minmay_lair_entry_grove, gauntlet_entry_generic,
          minmay_misc_feat_rugged, zin_scriptorium
D:12:     layout_loops_corners, serial_undead, serial_undead_b, serial_undead_a,
          serial_undead_f, serial_undead_a, serial_undead_b, serial_undead_e,
          uniq_jorgrun
D:13:     layout_layer_cave, kennysheep_generic_room_6
D:14:     layout_roguey, skrybe_vaults_entry_preservation,
          nicolae_shop_fire_sale [nicolae_sub_dead_trees],
          dreamdust_wishing_well, minmay_misc_feat_diagonals,
          chequers_serial_rivers_micro_b
D:15:     grunt_enter_depths_hoard, layout_loops_corners,
          nicolae_dithmenos_shadow_blocks
Temple:   nicolae_temple_bog_church
Lair:1:   layout_loops_ring, serial_bayou_shore_a
Lair:2:   nzn_winding_woodlands_huge [nzn_winding_woodlands_5x15_default,
          nzn_winding_woodlands_5x15_sidewinder,
          nzn_winding_woodlands_5x15_zeroes, nzn_winding_woodlands_5x15_garden,
          nzn_winding_woodlands_5x15_pockets,
          nzn_winding_woodlands_5x15_split_checker,
          nzn_winding_woodlands_5x15_lazy_stream,
          nzn_winding_woodlands_5x15_pool, nzn_winding_woodlands_5x15_jagged,
          nzn_winding_woodlands_5x15_sawtooth,
          nzn_winding_woodlands_center_lodge,
          nzn_winding_woodlands_center_diamonds,
          nzn_winding_woodlands_15x15_killbox], layout_long_grid,
          grunt_forest_small_clearings
Lair:3:   layout_cave_pods, nicolae_swamp_entry_splash_gauntlet,
          dummy_snake_entry, serial_bayou_shore_b, lemuel_fruit_tree
Lair:4:   layout_regular_city, slime_entry_1, st_stairs_10,
          minmay_lair_oklob_bushes, eino_small_chamber_without_monster
Lair:5:   gammafunk_lair_ancient_temple, layout_gridlike,
          small_statue_intersection
Swamp:1:  layout_basic_swamp, evilmike_swamp_ruin_house_3
Swamp:2:  layout_basic_swamp, evilmike_swamp_ruin_wall,
          infiniplex_staircase_pool_2
Swamp:3:  layout_falls_marsh, evilmike_swamp_ruin_house_5, st_swamp_ruins_4
Swamp:4:  swamp, layout_basic_swamp, nicolae_swamp_oxbows, uniq_donald
Snake:1:  layout_cave_pods, basic_altar,
          nicolae_snake_yet_another_twisty_hallway, nicolae_snake_biting_tails,
          nicolae_snake_bzzzt
Snake:2:  layout_basic, grunt_megastairs_2
Snake:3:  layout_onion_interference, uniq_vashnia, uniq_agnes
Snake:4:  grunt_snake_rune_pools, layout_cave_town, drop_trap
Orc:1:    layout_caves, special_room [special_room_orc], basic_altar
Orc:2:    st_orc_mages, layout_caves, hangedman_feature_mirror
Elf:1:    eino_elf_arrival_sip, layout_geoelf_octagon,
          hangedman_corner_corridor, uniq_nikola
Elf:2:    nicolae_elf_blades_crystal_corner, layout_loops_corners
Elf:3:    minmay_elf_hall_four_x, layout_geoelf_octagon, serial_shops, shop,
          gammafunk_ghost_abyssal_escape, evilmike_spriggan_trog_shrine
Vaults:1: portal_desolation_entry_ruin, nicolae_vaults_three_branches,
          ontoclasm_vaults_ligature, nicolae_vaults_asterisk, vaults_room_pool,
          ontoclasm_vaults_shuriken, kennysheep_vaults_gozag_temple,
          vaults_room_pool, layout_vaults_omnibox

Skill      XL: |  1  2  3  4  5  6  7  8  9 10 11 12 13 14 15 16 17 18 19 20 |
---------------+-------------------------------------------------------------+-----
Fighting       | 1 2 3 4 5 7 8 9 11 | 11.9
Shields        | 1 2 3 4 5 7 8 10 11 12 | 12.9
Armour         | 1 2 3 4 5 |  5.0
Earth Magic    | 4 5 6 8 10 11 12 13 14 15 17 18 19 20 21 | 21.6
Conjurations   | 1 2 4 5 7 10 12 13 14 15 16 | 16.3
Stealth        | 3 4 5 6 |  6.2
Spellcasting   | 3 4 6 7 8 9 10 11 12 13 14 15 16 17 | 17.8
Dodging        | 2 3 4 5 6 7 |  7.6
Evocations     | 2 |  2.7
Fire Magic     | 3 5 6 8 9 |  9.5
Transmutations | |  0.7

Action                     |  1- 3 |  4- 6 |  7- 9 | 10-12 | 13-15 | 16-18 | 19-21 || total
---------------------------+-------+-------+-------+-------+-------+-------+-------++-------
  Melee: Club              |    14 |       |       |       |       |       |       ||    14
         Hand axe          |     4 |       |       |       |       |       |       ||     4
         Short sword       |     4 |    51 |    53 |       |       |       |       ||   108
         Morningstar       |       |       |    15 |   126 |   347 |   156 |   122 ||   766
         Scimitar          |       |       |       |       |     3 |       |       ||     3
         Staff             |       |       |       |       |       |       |    19 ||    19
   Fire: Sling             |       |       |    13 |     9 |     2 |     2 |     3 ||    29
  Throw: Javelin           |       |       |       |    15 |       |       |       ||    15
         Dart              |       |       |       |     1 |       |       |       ||     1
   Cast: Sandblast         |    56 |    59 |   139 |   112 |    16 |       |       ||   382
         Searing Ray       |       |       |     6 |    22 |     8 |       |       ||    36
         Stone Arrow       |       |       |    10 |   108 |   256 |    27 |       ||   401
         Passwall          |       |       |     2 |       |       |       |       ||     2
         Inner Flame       |       |       |       |    33 |    26 |    11 |     5 ||    75
         Petrify           |       |       |       |     5 |     6 |       |       ||    11
         Arcjolt           |       |       |       |     1 |   117 |    45 |    88 ||   251
         Iskenderun's Myst |       |       |       |       |    18 |       |       ||    18
         Irradiate         |       |       |       |       |     2 |       |     2 ||     4
         Borgnjor's Vile C |       |       |       |       |    46 |   179 |    39 ||   264
         Orb of Destructio |       |       |       |       |       |    90 |     5 ||    95
         Iron Shot         |       |       |       |       |       |   153 |   116 ||   269
  Evoke: Wand              |       |       |     8 |    20 |     5 |       |       ||    33
         Lightning rod     |       |       |       |     5 |     3 |     3 |       ||    11
         Phantom mirror    |       |       |       |       |     1 |       |       ||     1
    Use: Scroll            |       |     5 |    11 |    15 |     9 |     6 |     2 ||    48
         Potion            |       |       |     8 |    12 |     6 |    10 |     4 ||    40
   Stab: Sleeping          |       |     2 |     2 |       |     4 |     2 |     2 ||    12
         Petrified         |       |       |       |     8 |       |       |       ||     8
 Armour: Robe              |    21 |       |       |       |   303 |   243 |   199 ||   766
         Leather armour    |     2 |    25 |    78 |    50 |       |       |       ||   155
         Swamp dragon scal |       |       |       |   104 |       |       |       ||   104
         Acid dragon scale |       |       |       |    23 |       |       |       ||    23
         Troll leather arm |       |       |       |   100 |    65 |       |       ||   165
  Dodge: Dodged            |    55 |    40 |    58 |   219 |   371 |   232 |   218 ||  1193
  Block: Kite shield       |       |       |    78 |   206 |   485 |   281 |   233 ||  1283
         Reflection        |       |       |       |       |       |    20 |    25 ||    45

Table legend: (Time is in decaauts)
 A = Elapsed time spent in this place.
 B = Non-inter-level travel time spent in this place.
 C = Inter-level travel time spent in this place.
 D = Time resting spent in this place.
 E = Time spent auto-exploring this place.
 F = Levels seen in this place.
 G = Mean time per level.
                   A        B        C        D        E       F      G
               +--------+--------+--------+--------+--------+-----+--------+
         Total |  54425 |  49519 |   4906 |  16169 |  23484 |  38 | 1432.2 |
       Dungeon |  20079 |  17125 |   2954 |   3307 |   9871 |  15 | 1338.6 |
        Temple |    623 |    579 |     44 |    300 |    165 |   1 |  623.0 |
          Lair |   8149 |   7235 |    914 |   1400 |   4555 |   5 | 1629.8 |
         Swamp |   7729 |   7422 |    307 |   3976 |   2448 |   4 | 1932.2 |
     Snake Pit |   6867 |   6566 |    301 |   2330 |   3090 |   4 | 1716.8 |
  Orcish Mines |   1895 |   1745 |    150 |    360 |   1025 |   2 |  947.5 |
   Elven Halls |   7678 |   7442 |    236 |   4056 |   1925 |   3 | 2559.3 |
        Vaults |    105 |    105 |      0 |      0 |      0 |   1 |  105.0 |
        Bailey |    484 |    484 |      0 |    217 |     32 |   1 |  484.0 |
    Desolation |     31 |     31 |      0 |      0 |      0 |   1 |   31.0 |
      Gauntlet |    780 |    780 |      0 |    222 |    372 |   1 |  780.0 |
               +--------+--------+--------+--------+--------+-----+--------+

Top non-repeatable levels by time:
   Elf:2: 3179 daAuts
   Elf:3: 3133 daAuts
 Swamp:3: 2891 daAuts
 Snake:1: 2376 daAuts
    D:12: 2323 daAuts
  Lair:2: 2303 daAuts
 Swamp:4: 2058 daAuts
  Lair:3: 2021 daAuts
    D:11: 1903 daAuts
     D:6: 1861 daAuts
 Snake:4: 1852 daAuts
    D:15: 1643 daAuts
 Snake:3: 1530 daAuts
     D:3: 1527 daAuts
     D:8: 1514 daAuts
